[Event "*** SCC Grand Prix: Titled Tuesday Blitz"]
[Site "Chess.com"]
[Date "2020.09.08"]
[Round "9"]
[White "Oligan22"]
[Black "wannabe2700"]
[Result "1-0"]
[WhiteElo "2486"]
[BlackElo "2628"]
[TimeControl "180+1"]
[EndTime "11:47:42 PDT"]
[Termination "Oligan22 won on time"]

1. e4 c6 2. d4 d5 3. e5 Bf5 4.
h4 h5 5. c4 e6 6. Nc3 Bb4 7. Qb3 Qb6 8. c5 Bxc3+ 9. bxc3 Qc7 10. Ne2 Nd7 11. Ng3 Bg6 12. Be2 Ne7 13. Bg5 f6 14.
exf6 gxf6 15. Be3 O-O-O 16. c4 e5 17. O-O e4 18. Rab1 Nf8 19. Bf4 Qd7 20. Bd6 Ne6 21.
cxd5 Nxd5 22. Ba6 Rh7 23. Qa3 Nxd4 24. Bxb7+ Qxb7 25. Rxb7 Rxb7 26. Qa4 Nb5 27. Nxe4 Bxe4 28. Qxe4 Rbd7 29. Qf5 Nxd6 30. cxd6 Kb7 31. Rb1+ Ka8 32. Qxh5 Rxd6 33. Qf7 R8d7 34. Qg8+ Rd8 35. Qf7 R8d7 36. Qe8+ Rd8 37. Qe4 Nc3 38. Qf3 Nxb1 39. h5 Nd2 40.
Qc3 Ne4 41. Qc4 f5 42. Qf7 R8d7 43. Qxf5 Nf6 44. h6 Kb7 45. g4 Nxg4 46. Qxg4 Rxh6 47. Qxd7+ Kb6 48. Qd8+ Kb7 49. Qe7+ Ka6 50. Qe2+ Kb7 51. Qb2+ 1-0

[Event "*** SCC Grand Prix: Titled Tuesday Blitz"]
[Site "Chess.com"]
[Date "2020.09.08"]
[Round "9"]
[White "Pikachess999"]
[Black "AliKa2810"]
[Result "0-1"]
[WhiteElo "2389"]
[BlackElo "2562"]
[TimeControl "180+1"]
[EndTime "11:47:42 PDT"]
[Termination "AliKa2810 won on time"]

1. e4 e6 2. d4 d5 3. Nc3 Nf6 4.
e5 Nfd7 5. f4 c5 6. Nf3 Be7 7.
Be3 b6 8. Bb5 O-O 9. a4 c4 10. O-O a6 11. Bxd7 Nxd7 12. Ne2 f5 13. b3 Bb7 14. Qd2 b5 15. Rfb1 b4 16. c3 a5 17. Ng5 Ra6 18. cxb4 axb4 19. Qc2 h6 20. Nf3 Qc7 21. Rc1 Rc8 22. Qb2 Qa5 23. Qa2 Rac6 24.
Nd2 Ba6 25. Ng3 Nb6 26. Ngf1 c3 27. Nf3 Bd3 28. Ne1 Be4 29. Ng3 Bh4 30. Nxe4 dxe4 31.
g3 Be7 32. Qe2 Nd5 33. Kf2 Bd8 34. Nc2 Bb6 35. h3 Qa7 36. Rd1 Rd8 37. g4 Rf8 38.
Kg3 Qf7 39. a5 Ba7 40. Ra4 fxg4 41. Qxg4 Nxe3 42. Nxe3 c2 43. Rc1 Rc3 44. Rxb4 Rxe3+ 45. Kg2 h5 46. Qg5 Re2+ 47. Kg3 Rd2 48. Rc4 Bxd4 49. R1xc2 Rxc2 50. Rxc2 Qb7 51. a6 Qxb3+ 52. Kh4 Qxc2 53.
Kxh5 Qe2+ 54. Kg6 e3 55. a7 Bxa7 0-1

[Event "*** SCC Grand Prix: Titled Tuesday Blitz"]
[Site "Chess.com"]
[Date "2020.09.08"]
[Round "9"]
[White "GasconJR"]
[Black "platy3"]
[Result "1-0"]
[WhiteElo "2612"]
[BlackElo "2812"]
[TimeControl "180+1"]
[EndTime "11:47:43 PDT"]
[Termination "GasconJR won by resignation"]

1. d4 Nf6 2. Bf4 d5 3. e3 c5 4.
Nf3 Nc6 5. Nbd2 e6 6. c3 cxd4 7.
exd4 Nh5 8. Bg5 f6 9. Be3 Bd6 10. g3 g6 11. c4 O-O 12. Be2 Ng7 13. Bh6 Re8 14. Bxg7 Kxg7 15. O-O b6 16. Rc1 Bb7 17. cxd5 exd5 18. Bb5 Rc8 19. Qa4 Qd7 20. Qxa7 Nxa7 21.
Bxd7 Rxc1 22. Rxc1 Re7 23. Bh3 Nc6 24. a3 Na5 25. Bf1 g5 26. h3 h5 27. Bb5 Rc7 28. Rxc7+ Bxc7 29. Ne1 Nc6 30. Bxc6 Bxc6 31. Nd3 Bd6 32. Nb1 Kf7 33. Nc3 Ke6 34. Kf1 Bb7 35. Ke2 Bb8 36. Ke3 Bc6 37. f4 Bb7 38.
Kf3 Bc6 39. g4 hxg4+ 40. Kxg4 gxf4 41. Nxf4+ Kd6 42. h4 b5 43. h5 Ba7 44. Nce2 Bd7+ 45.
Kf3 Bf5 46. Ng3 Bc2 47. Kg4 Bxd4 48. Nf5+ Bxf5+ 49. Kxf5 Ke7 50. h6 Kf7 51. h7 Kg7 52. Ne6+ 1-0

[Event "*** SCC Grand Prix: Titled Tuesday Blitz"]
[Site "Chess.com"]
[Date "2020.09.08"]
[Round "9"]
[White "paulrusan"]
[Black "RestartingChess"]
[Result "1/2-1/2"]
[WhiteElo "2285"]
[BlackElo "2429"]
[TimeControl "180+1"]
[EndTime "11:47:45 PDT"]
[Termination "Game drawn by repetition"]

1. e4 Nf6 2. e5 Nd5 3. c4 Nb6 4. d4 d6 5. exd6 exd6 6. Nc3 Be7 7. Qf3 O-O 8. Be3 Bf6 9. O-O-O d5 10. c5 Nc4 11. Bxc4 dxc4 12. Nge2 Nc6 13. d5 Ne5 14. Qe4 Re8 15. Kb1 g6 16. Ng3 b5 17. d6 c6 18. Qf4 Nd3 19. Rxd3 cxd3 20. Nce4 Bg7 21. h4 Be6 22. Rd1 Qa5 23. a3 Rab8 24.
Nf6+ Bxf6 25. Qxf6 Qa4 26. Rxd3 Qc4 27. Rc3 Qa2+ 28.
Kc2 Qd5 29. Bh6 Bf5+ 30. Nxf5 Qxf5+ 31. Qxf5 gxf5 32. Rg3+ Kh8 33. Bg7+ Kg8 34. d7 Red8 35. Bf6+ Kf8 36. Bxd8 Rxd8 37. Rd3 Ke7 38. Kc3 Rxd7 39. Rxd7+ Kxd7 40. Kd4 Ke6 41. f4 h5 42. b4 a6 43. Ke3 Kd5 44. Kd3 Ke6 45. Kd4 Kf6 46. Ke3 Ke7 47. Kd3 Ke6 48. Kd4 Kf6 49. Ke3 Ke7 50.
Kd3 f6 51. Ke3 Ke6 52. Kd4 Kd7 53. Ke3 Ke7 54. Kd3 Kd7 55. Ke3 Kc7 56. Kd3 Kb7 57. Ke3 a5 58. Kd3 axb4 59. axb4 Ka6 60. Ke3 Ka7 61.
Kd3 Kb8 62. Ke3 Kc8 63. Kd3 Kd8 64. Ke3 Kd7 65. Kd3 Ke6 66. Kd4 Kf7 67. Kd3 Ke7 68. Ke3 Ke6 69. Kd4 Kd7 70. Ke3 Ke8 71. Kd3 Kf8 72. Ke3 Kg8 73. Kd3 Kh8 74. Ke3 Kh7 75. Kd3 Kh6 76. Ke3 Kg6 77. Kd3 Kf7 78. Ke3 Ke6 79. Kd4 1/2-1/2

[Event "*** SCC Grand Prix: Titled Tuesday Blitz"]
[Site "Chess.com"]
[Date "2020.09.08"]
[Round "9"]
[White "bazar-wokzal"]
[Black "Legendinunknown"]
[Result "0-1"]
[WhiteElo "2474"]
[BlackElo "2616"]
[TimeControl "180+1"]
[EndTime "11:47:46 PDT"]
[Termination "Legendinunknown won on time"]

1. e4 e5 2. Bc4 Nf6 3. d3 c6 4. Nf3 d5 5. Bb3 Bd6 6. Nc3 d4 7. Ne2 h6 8. c3 c5 9. cxd4 cxd4 10. O-O O-O 11. Ng3 Nc6 12. Nh4 Bc7 13. Nhf5 Kh7 14.
f4 exf4 15. Bxf4 Bxf4 16. Rxf4 Ne5 17. Qd2 Be6 18. Raf1 Ng8 19. Ne2 Nc6 20. Rg4 g6 21.
Bxe6 fxe6 22. Nfg3 e5 23. Rxf8 Qxf8 24. Nf1 Qb4 25.
Qc1 Rc8 26. Rg3 Nce7 27. Qb1 Qa4 28. Rf3 Kg7 29. b3 Qc6 30. Qe1 Nf6 31. Qg3 Qe6 32. h3 Rc2 33. Rf2 Rc5 34. Qf3 Nc6 35. Nh2 Nb4 36. Ng4 Rc6 37. Nxf6 Qxf6 38. Qg4 Qe6 39. Qf3 Rc8 40. Ng3 Rg8 41. h4 h5 42. Kh2 Nc6 43. Rc2 Qe7 44. Kh3 Rf8 45. Qe2 Qe6+ 46. Kh2 Rf4 47.
Kg1 Rxh4 48. Nf1 Rf4 49. Rc5 Qe7 50. Rd5 Qf7 51. Nd2 Rg4 52. Nf3 Qf4 53. Rd7+ Kh6 54. Rxb7 h4 55. Kf1 h3 56. gxh3 Rg3 57. Kf2 Rxh3 0-1

[Event "*** SCC Grand Prix: Titled Tuesday Blitz"]
[Site "Chess.com"]
[Date "2020.09.08"]
[Round "9"]
[White "KNCP_719"]
[Black "tk22h"]
[Result "1/2-1/2"]
[WhiteElo "2548"]
[BlackElo "2390"]
[TimeControl "180+1"]
[EndTime "11:47:46 PDT"]
[Termination "Game drawn by repetition"]

1. Nf3 Nf6 2. c4 g6 3. b3 Bg7 4.
Bb2 c5 5. g3 b6 6. Bg2 Bb7 7.
O-O O-O 8. d4 cxd4 9. Qxd4 d6 10. Nc3 Nbd7 11. Rad1 a6 12. Rfe1 Ne4 13. Qd3 Nxc3 14.
Bxc3 Bxc3 15. Qxc3 Nf6 16. Nd4 Bxg2 17. Kxg2 Qd7 18.
e4 Qb7 19. Qd3 Rfd8 20. f3 Rac8 21. a4 Nd7 22. Qe3 Kg7 23. h4 h5 24. Qg5 Nf6 25.
Nf5+ Kg8 26. Nxd6 Rxd6 27. Rxd6 exd6 28. Qxf6 Qc6 29. Rd1 Qc5 30. Qxd6 Qe3 31. Qd3 Qc5 32. Qd4 Qb4 33. Qe3 b5 34. axb5 axb5 35. cxb5 Qxb5 36. Qd3 Qb4 37. Qd5 Rc2+ 38. Kh3 Rc3 39. Qe5 Rc8 40. Qd5 Rc3 41. Qd8+ Kg7 42. Qd4+ Qxd4 43. Rxd4 Rxf3 44. Rb4 Rf2 45. Rb7 Re2 46. Rb4 Kf6 47. Rc4 Rb2 48. b4 Ke5 49. Rc7 Rxb4 50. Rxf7 Rxe4 51. Rf8 Ra4 52.
Kg2 Ra2+ 53. Kh3 Ra4 54. Rf7 Ra2 55. Rf8 Ra3 56. Rf1 Ra2 57. Rf3 Ke6 58. Rf4 Ke5 59.
Rf8 1/2-1/2

[Event "*** SCC Grand Prix: Titled Tuesday Blitz"]
[Site "Chess.com"]
[Date "2020.09.08"]
[Round "9"]
[White "Bayernbk"]
[Black "aloe_normansen"]
[Result "1-0"]
[WhiteElo "2521"]
[BlackElo "2364"]
[TimeControl "180+1"]
[EndTime "11:47:47 PDT"]
[Termination "Bayernbk won by resignation"]

1. e4 c5 2. c3 d5 3. exd5 Qxd5 4.
d4 Nf6 5. Nf3 Bg4 6. Be2 e6 7.
O-O Nc6 8. Be3 cxd4 9. Nxd4 Bxe2 10. Qxe2 Nxd4 11. Bxd4 Be7 12. Rd1 Qc6 13. Nd2 O-O 14. Bxf6 Bxf6 15. Ne4 Be7 16. Rd2 Rfd8 17. Rad1 Rxd2 18.
Rxd2 Rd8 19. Rxd8+ Bxd8 20. Qd3 Be7 21. g3 h6 22. c4 a6 23. a3 b5 24. cxb5 axb5 25. Nc3 b4 26. axb4 Bxb4 27. Qe4 Qd6 28. Kg2 Bc5 29.
Qa8+ Kh7 30. Ne4 Qd4 31. Nxc5 Qxc5 32. Qe4+ g6 33. b4 Qb5 34. Qf4 Kg7 35. h4 e5 36. Qd2 Qc6+ 37. Kh2 f5 38. Qb2 Qb5 39. f4 Kf6 40. h5 g5 41. Kg2 g4 42. fxe5+ Qxe5 43. Qxe5+ Kxe5 44. b5 Kd5 45. Kf2 Kc5 46. Ke3 Kxb5 47.
Kf4 Kc5 48. Kxf5 Kd5 49. Kg6 Ke4 50. Kxh6 Kf3 51. Kg5 Kxg3 52. h6 Kf3 53. h7 g3 54.
h8=Q g2 55. Qd4 Kg3 56. Qg1 Kf3 57. Kh4 Kf4 58. Kh3 Kf3 59. Qxg2+ Kf4 60. Qg3+ Kf5 61. Kg2 Ke4 62. Qf3+ Kd4 63. Kf2 Kc4 64. Ke3 Kb4 65. Qc6 Kb3 66. Kd3 1-0

[Event "*** SCC Grand Prix: Titled Tuesday Blitz"]
[Site "Chess.com"]
[Date "2020.09.08"]
[Round "9"]
[White "Brave_spirit12"]
[Black "chessmachine14"]
[Result "1-0"]
[WhiteElo "2496"]
[BlackElo "2345"]
[TimeControl "180+1"]
[EndTime "11:47:47 PDT"]
[Termination "Brave_spirit12 won by checkmate"]

1. e4 c5 2. c3 Nf6 3. e5 Nd5 4. d4 cxd4 5. cxd4 d6 6. Nc3 Nxc3 7. bxc3 dxe5 8. dxe5 Qc7 9. Nf3 Nc6 10. Bb5 e6 11.
O-O Be7 12. Re1 O-O 13. Bg5 Bxg5 14. Nxg5 h6 15. Nf3 a6 16. Bd3 Rd8 17. Qe2 Ne7 18.
Rad1 Bd7 19. Bb1 Bc6 20. Nh4 Rxd1 21. Rxd1 Rd8 22. Nf3 g6 23. Nd4 Rd5 24. f4 Qd7 25. Be4 b5 26. Bxd5 Bxd5 27. Nb3 Qc6 28. Qd2 Nf5 29.
Nd4 Nxd4 30. cxd4 Be4 31. Rc1 Qd5 32. f5 exf5 33. Qxh6 Qxd4+ 34. Kh1 Qd8 35. e6 f4 36.
exf7+ Kxf7 37. Qxf4+ Bf5 38. g4 Qd5+ 39. Kg1 Qxa2 40.
gxf5 Qd5 41. Rc7+ Kf6 42. fxg6+ Kxg6 43. Qg4+ Kf6 44. Qh4+ Ke6 45. Re7+ Kd6 46. Qf6+ Kc5 47. Re5 a5 48. Qe7+ Kc4 49. Rxd5 Kxd5 50. Qa3 b4 51.
Qxa5+ Kc4 52. h4 b3 53. Qb6 b2 54. Qxb2 Kd3 55. h5 Ke4 56. h6 Kf5 57. h7 Kg6 58.
h8=Q Kf7 59. Qhf6+ Ke8 60. Qb8+ Kd7 61. Qbd6+ Kc8 62. Qfd8+ Kb7 63. Q6b6# 1-0

[Event "*** SCC Grand Prix: Titled Tuesday Blitz"]
[Site "Chess.com"]
[Date "2020.09.08"]
[Round "9"]
[White "Rud_Makarian"]
[Black "AnishOnYoutube"]
[Result "0-1"]
[WhiteElo "2758"]
[BlackElo "2944"]
[TimeControl "180+1"]
[EndTime "11:47:48 PDT"]
[Termination "AnishOnYoutube won by checkmate"]

1. d4 Nf6 2. Nf3 d5 3. e3 Bf5 4. c4 c6 5. Nc3 e6 6. Nh4 Be4 7. f3 Bg6 8. Qb3 Qc7 9. cxd5 cxd5 10. Bd2 Nc6 11. Nxg6 hxg6 12. O-O-O a6 13. Kb1 Bd6 14. Rc1 Rc8 15. h4 g5 16. Be1 gxh4 17. Rxh4 Rxh4 18. Bxh4 Be7 19. Bf2 Kf8 20. Bd3 Na5 21. Qd1 Nc4 22.
Qe2 Qb6 23. e4 Na3+ 24. Ka1 Nb5 25. Qe1 Bb4 26. Na4 Rxc1+ 27. Qxc1 Qd8 28. e5 Nd7 29. a3 Be7 30. Qh1 Ke8 31. Qh8+ Bf8 32. Be1 Nxd4 33. f4 Qc7 34. Kb1 b5 35. Nc3 Nc5 36. Bf1 Nf5 37.
g4 Ne7 38. f5 exf5 39. Nxb5 Qxe5 40. Bc3 Qf4 41. Be2 Qe4+ 42. Ka1 Qxe2 43. Nd6+ Kd7 44.
Nxf7 d4 45. Qxf8 dxc3 46. Qd8+ Ke6 47. Ng5+ Kf6 48. Nh7+ Kg6 49. Nf8+ Kf7 50. bxc3 Nb3+ 51. Kb1 Nd2+ 52. Ka1 Qd1+ 53. Kb2 Qb1# 0-1

[Event "*** SCC Grand Prix: Titled Tuesday Blitz"]
[Site "Chess.com"]
[Date "2020.09.08"]
[Round "9"]
[White "Shield12"]
[Black "ChessLover0108"]
[Result "0-1"]
[WhiteElo "2830"]
[BlackElo "2694"]
[TimeControl "180+1"]
[EndTime "11:47:48 PDT"]
[Termination "ChessLover0108 won by checkmate"]

1. e4 c5 2. Nf3 d6 3. Bb5+ Bd7 4. Bxd7+ Qxd7 5. c4 Nf6 6. Nc3 g6 7. d4 cxd4 8. Nxd4 Bg7 9. h3 O-O 10. Be3 Rc8 11. b3 a6 12. a4 Nc6 13. O-O Qd8 14. Rc1 Rab8 15. Qd3 Nd7 16. Rfd1 Nc5 17. Qb1 Qa5 18. Nd5 Qd8 19. Ne2 e6 20. Ndc3 Qe7 21.
b4 Nd7 22. f4 a5 23. b5 Nb4 24. Na2 Nxa2 25. Qxa2 Nc5 26. Qc2 Rc7 27. Rd2 Rbc8 28. Rcd1 d5 29. cxd5 exd5 30. b6 Rc6 31. Rxd5 Nxe4 32.
Qd3 Nd6 33. Bf2 Bf8 34. Nd4 Rc3 35. Qf1 Qf6 36. Nf3 Ne4 37. Bd4 Qxf4 38. Bxc3 Nxc3 39. R1d4 Qe3+ 40. Kh2 Nxd5 41. Rxd5 Bd6+ 42. Rxd6 Qf4+ 43. Kg1 Qxd6 44. Qe2 Qxb6+ 45. Kh1 Rc1+ 46. Kh2 Qd6+ 47. g3 Rc8 48. h4 h5 49. Ng5 Rf8 50. Ne4 Qe5 51.
Qf3 Re8 52. Nc3 Qd4 53. Nb5 Qd2+ 54. Kh3 Re2 55. Qh1 Qd7+ 56. g4 Qxg4# 0-1

[Event "*** SCC Grand Prix: Titled Tuesday Blitz"]
[Site "Chess.com"]
[Date "2020.09.08"]
[Round "9"]
[White "poppy73"]
[Black "MF1966Idrisov"]
[Result "0-1"]
[WhiteElo "2255"]
[BlackElo "2401"]
[TimeControl "180+1"]
[EndTime "11:47:49 PDT"]
[Termination "MF1966Idrisov won on time"]

1. e4 c5 2. Nf3 Nc6 3. d4 cxd4 4.
Nxd4 Nf6 5. Nc3 g6 6. Be3 Bg7 7. Bc4 O-O 8. Bb3 Ng4 9. Qxg4 Nxd4 10. Qd1 Nxb3 11. axb3 a6 12. Bd4 d6 13. Bxg7 Kxg7 14. O-O Be6 15. Qd4+ f6 16. Nd5 Rc8 17. c4 Rf7 18. Rfe1 Bxd5 19. exd5 Qc7 20. Re6 Qc5 21.
Qxc5 Rxc5 22. Re4 f5 23. Rd4 Rf8 24. b4 Rc7 25. b3 Rfc8 26. Kf1 b5 27. Rc1 Kf6 28.
Ke2 Rb7 29. c5 dxc5 30. bxc5 Rbc7 31. b4 a5 32. c6 a4 33. Rc5 Rb8 34. d6 exd6 35.
Rxd6+ Ke7 36. Rdd5 a3 37. Rd2 Ra7 38. c7 Rc8 39.
Rdc2 a2 40. Rxa2 Rxa2+ 41. Kd3 Ra7 42. Re5+ Kd6 43. Rxb5 Raxc7 44. Rb6+ Kd5 45. Rb5+ Kd6 46. Rb6+ Rc6 47. Rb7 R8c7 48. Rb8 Rc3+ 49. Kd2 Rc2+ 50. Ke3 R7c3+ 51. Kd4 Rc4+ 52. Kd3 R2c3+ 53. Kd2 Rb3 54.
Rb6+ Kc7 55. Rf6 Rbxb4 56. Rf7+ Kd6 57. Rxh7 Rg4 58. g3 Rb3 59. Ke2 Ra4 60. Kf1 Ra2 0-1

[Event "*** SCC Grand Prix: Titled Tuesday Blitz"]
[Site "Chess.com"]
[Date "2020.09.08"]
[Round "9"]
[White "Snowflake"]
[Black "PavelChernomordik"]
[Result "1-0"]
[WhiteElo "2480"]
[BlackElo "2353"]
[TimeControl "180+1"]
[EndTime "11:47:50 PDT"]
[Termination "Snowflake won on time"]

1. d4 g6 2. e4 Bg7 3. Nc3 d6 4. g3 Nf6 5. Bg2 O-O 6. Nge2 Nbd7 7. O-O c5 8. Re1 Rb8 9. a4 b6 10. h3 a6 11. Be3 Bb7 12. Kh2 Qc7 13. d5 Ne5 14. b3 e6 15. dxe6 fxe6 16. Nf4 Qe7 17.
Rc1 g5 18. Nd3 Nf7 19. Qd2 g4 20. h4 Qc7 21. Nf4 Rbe8 22. Rcd1 Qe7 23. Kg1 Rd8 24.
Qe2 Ne5 25. Nd3 Nf3+ 26. Kh1 Nxe1 27. Rxe1 d5 28. e5 Ne4 29. Nxe4 dxe4 30. Nf4 Bxe5 31. Qxg4+ Kh8 32. Qh5 Bxf4 33. Bxf4 Rxf4 34. gxf4 e3 35. Qe5+ Qg7 36. Bxb7 Qxe5 37. fxe5 exf2 38. Rf1 Rd2 39.
Be4 Re2 40. Bd3 Rxe5 41. Rxf2 Kg7 42. Kh2 Re3 43. Re2 Rf3 44. Rxe6 b5 45. axb5 axb5 46.
Bxb5 Rf2+ 47. Kg3 Rxc2 48. Bc4 Rc3+ 49. Kg4 h5+ 50. Kxh5 Rg3 51. Re7+ Kf6 52. Rc7 Ke5 53. Rc6 Kf4 54. Rxc5 1-0

[Event "*** SCC Grand Prix: Titled Tuesday Blitz"]
[Site "Chess.com"]
[Date "2020.09.08"]
[Round "9"]
[White "Grineva_Marianna"]
[Black "ClydeHillKid"]
[Result "0-1"]
[WhiteElo "2217"]
[BlackElo "2343"]
[TimeControl "180+1"]
[EndTime "11:47:50 PDT"]
[Termination "ClydeHillKid won on time"]

1. e4 e6 2. d4 d5 3. Nd2 Nf6 4. e5 Nfd7 5. Bd3 c5 6. c3 Nc6 7. Ne2 Qb6 8. Nf3 cxd4 9. cxd4 f6 10. exf6 Nxf6 11. O-O Bd6 12. Ng3 O-O 13. a3 e5 14.
dxe5 Nxe5 15. Be3 Qxb2 16. Ng5 Nxd3 17. Qxd3 Qe5 18. Rad1 Bg4 19. Rb1 h6 20. Nf3 Bxf3 21.
gxf3 b6 22. Rfe1 Rae8 23. f4 Qe6 24. Nf5 Ne4 25. Nxd6 Qxd6 26. Rbd1 Rf5 27. Kf1 Qg6 28.
Rc1 Rh5 29. Red1 Rxh2 30. Qxd5+ Kh8 31. Ke2 Rxf2+ 32. Bxf2 Nc3+ 33. Kf1 Nxd5 34. Rxd5 Qe4 35. Rcd1 Qh1+ 36. Bg1 Qh3+ 37. Kf2 Qe3+ 38. Kg2 Qxf4 39. R5d4 Qg5+ 40. Kh1 Qh5+ 41. Kg2 Re2+ 42. Bf2 Qg6+ 43. Kf1 Re8 44. Rd8 Rxd8 45. Rxd8+ Kh7 46. Rd4 Qb1+ 47. Ke2 Qa2+ 48. Kf1 Qxa3 49. Kg2 Qe7 50. Kf3 a5 51.
Be3 b5 52. Rd5 Qb7 53. Ke4 b4 54. Kd4 b3 55. Bc1 b2 56. Bxb2 Qxb2+ 57. Kc5 Qb4+ 58. Kc6 Qe4 0-1

[Event "*** SCC Grand Prix: Titled Tuesday Blitz"]
[Site "Chess.com"]
[Date "2020.09.08"]
[Round "9"]
[White "BUITRONGHAO"]
[Black "mapleaff"]
[Result "1-0"]
[WhiteElo "2556"]
[BlackElo "2375"]
[TimeControl "180+1"]
[EndTime "11:47:51 PDT"]
[Termination "BUITRONGHAO won by resignation"]

1. e4 e5 2. Nf3 Nc6 3. Bb5 Nf6 4. O-O Nxe4 5. Re1 Nd6 6. Nxe5 Be7 7. Bf1 Nxe5 8. Rxe5 O-O 9. d4 Bf6 10. Re1 Re8 11.
d5 Rxe1 12. Qxe1 Qe8 13. Qd1 b6 14. Qd3 a5 15. Nd2 Ba6 16. c4 Nb7 17. Ne4 Be7 18. Bf4 Rc8 19. Re1 Qf8 20. Qg3 Nd6 21. b3 Nxe4 22. Rxe4 Bd6 23. Bd3 Bxf4 24. Qxf4 d6 25. Qf5 g6 26. Qd7 Qh6 27. h4 Qc1+ 28. Kh2 Rf8 29. Qxc7 Qd2 30. Be2 Bc8 31. Qxd6 Bf5 32. Re3 Qxa2 33. Qxb6 h5 34. Qd4 Qb1 35. c5 Qc2 36. c6 Rd8 37. Bf3 Qxc6 38. dxc6 Rxd4 39. Re8+ Kg7 40. c7 Rxh4+ 41. Kg1 Rb4 42. Bd5 Rd4 43. Bc4 a4 44. c8=Q Bxc8 45. Rxc8 axb3 46. Bxb3 Rb4 47. Bc4 g5 48. Rc7 Kg6 49. Bxf7+ Kh6 50. Rc6+ Kg7 51. Bxh5 g4 52. Rg6+ Kh7 53. Rxg4 Rb5 54.
Bg6+ Kh6 55. Be4 Rb4 56. f3 Kh5 57. Bg6+ Kh6 58. Rxb4 1-0

[Event "*** SCC Grand Prix: Titled Tuesday Blitz"]
[Site "Chess.com"]
[Date "2020.09.08"]
[Round "9"]
[White "Bigfish1995"]
[Black "Oleksandr_Bortnyk"]
[Result "1/2-1/2"]
[WhiteElo "3022"]
[BlackElo "2943"]
[TimeControl "180+1"]
[EndTime "11:47:54 PDT"]
[Termination "Game drawn by repetition"]

1. e4 c5 2. Nf3 d6 3. d4 cxd4 4. Nxd4 Nf6 5. Nc3 g6 6. Bc4 Bg7 7. O-O a6 8. a4 Nc6 9. h3 O-O 10. Nf3 Qc7 11. Re1 Bd7 12. Bf1 Rac8 13. Nd5 Nxd5 14. exd5 Ne5 15. c3 b5 16. axb5 axb5 17. Nd4 Qb7 18. f4 Nc4 19. Rxe7 Bf6 20. Re1 Qxd5 21.
Kh2 b4 22. Ra7 Rfd8 23. Qd3 Bxd4 24. Qxd4 Qxd4 25. cxd4 d5 26. b3 Nd6 27. Bd2 Rb8 28. Re7 Be6 29. Ra4 Nf5 30. Rc7 Nxd4 31. Bxb4 Bd7 32.
Raa7 Nc6 33. Be7 Nxe7 34. Rxd7 Rxd7 35. Rxd7 Nf5 36. Bd3 Ne3 37. Re7 d4 38. Bc4 Nxc4 39. bxc4 Rc8 40. Rd7 Rxc4 41. f5 gxf5 42. Kg3 Kg7 43. Kf4 Kf6 44. Rd6+ Ke7 45. Rd5 Ke6 46. Re5+ Kd6 47. Rxf5 Rc2 48. Ke4 Rxg2 49. Rxf7 Ke6 50. Rxh7 Kf6 51. Kxd4 Kg6 52. Rh4 Ra2 53. Ke3 Ra3+ 54.
Kf2 Ra2+ 55. Kf3 Ra3+ 56. Kf2 Ra2+ 57. Kf3 Ra3+ 58. Kf2 1/2-1/2

[Event "*** SCC Grand Prix: Titled Tuesday Blitz"]
[Site "Chess.com"]
[Date "2020.09.08"]
[Round "9"]
[White "Euge_chess"]
[Black "barbosean"]
[Result "1-0"]
[WhiteElo "2132"]
[BlackElo "2283"]
[TimeControl "180+1"]
[EndTime "11:47:54 PDT"]
[Termination "Euge_chess won on time"]

1. e4 e5 2. Nf3 Nc6 3. Nc3 Nf6 4. Bb5 Bc5 5. Nxe5 Nxe5 6. d4 Bd6 7. f4 Ng6 8. e5 Bb4 9. exf6 Qxf6 10. O-O Bxc3 11.
bxc3 O-O 12. f5 Ne7 13. Bd3 d5 14. Ba3 Re8 15. Qf3 c6 16. Rab1 b5 17. Bc5 Bd7 18. g4 Nc8 19. Qf4 h6 20. Rbe1 Nb6 21. Bd6 Nc4 22.
Bxc4 bxc4 23. Be5 Qg5 24. Qxg5 hxg5 25. f6 Re6 26. fxg7 Rae8 27. Rb1 Bc8 28. h3 Rxe5 29. dxe5 Rxe5 30. Rbe1 Rxe1 31. Rxe1 Be6 32. Rb1 Kxg7 33. Rb7 a5 34. Ra7 c5 35. Rxa5 d4 36. Rxc5 dxc3 37. Kf2 Kf6 38. Ke3 Ke7 39. Kd4 Kd6 40. Rxg5 Bd7 41. Kxc3 Be6 42. Ra5 Ke7 43. Ra6 Kf6 44.
a4 Ke5 45. a5 Kf4 46. Rb6 Kg3 47. a6 Bd5 48. a7 Kxh3 49. Rd6 Bb7 50. Kxc4 Kxg4 51.
Rf6 Kg5 52. Rxf7 Bg2 53. Rf8 1-0

[Event "*** SCC Grand Prix: Titled Tuesday Blitz"]
[Site "Chess.com"]
[Date "2020.09.08"]
[Round "9"]
[White "chenxiaoyuer"]
[Black "Ginger_GM"]
[Result "1-0"]
[WhiteElo "2485"]
[BlackElo "2587"]
[TimeControl "180+1"]
[EndTime "11:47:55 PDT"]
[Termination "chenxiaoyuer won on time"]

1. e4 c5 2. Nf3 d6 3. d4 cxd4 4. Nxd4 Nf6 5. Nc3 g6 6. Be2 Bg7 7. O-O Nc6 8. Nb3 O-O 9. Bg5 a6 10. a4 Be6 11. Kh1 Na5 12. Nd2 Rc8 13. f4 Nc4 14.
Nxc4 Bxc4 15. Bxc4 Rxc4 16. Qd3 Rc5 17. Rae1 Rxg5 18. fxg5 Ng4 19. Nd5 e6 20. Nf6+ Nxf6 21. gxf6 Bxf6 22. c3 Be5 23. Re3 h5 24. Ref3 Qh4 25.
g3 Qe7 26. Qe3 Kg7 27. Qf2 f6 28. c4 Qc7 29. Rb3 Rf7 30. Rc1 Qc6 31. Qf3 Qxa4 32.
Qe3 Rc7 33. Qb6 Rxc4 34. Qxb7+ Kh6 35. Re1 Qa5 36. Rbe3 Rc2 37. R3e2 Rc4 38. Qf7 Qc7 39. Qxe6 Rc1 40. Qb3 Rxe1+ 41. Rxe1 Qc5 42. Kg2 g5 43. Re2 h4 44. Rc2 Qd4 45. Qd5 Qe3 46. gxh4 g4 47. Rf2 Qh3+ 48. Kh1 g3 49. Rg2 Qxh4 50. Qg8 Qxe4 51.
Qh8+ Kg5 52. Qg7+ Kh4 53. Qh6+ Kg4 54. h3+ Kf3 55. Qh5+ Ke3 56. Qh6+ Bf4 57. Qxf6 Qb1+ 58. Rg1 Qxb2 59. Qxb2 1-0

[Event "*** SCC Grand Prix: Titled Tuesday Blitz"]
[Site "Chess.com"]
[Date "2020.09.08"]
[Round "9"]
[White "elohunter1999"]
[Black "TheMagnet"]
[Result "1/2-1/2"]
[WhiteElo "2467"]
[BlackElo "2578"]
[TimeControl "180+1"]
[EndTime "11:47:55 PDT"]
[Termination "Game drawn - insufficient material"]

1. e4 c5 2. Nf3 g6 3. d4 cxd4 4.
Nxd4 Bg7 5. Nc3 Nc6 6. Be3 Nf6 7. Bc4 Qa5 8. O-O O-O 9. Bb3 d6 10. h3 Bd7 11. Re1 Nxd4 12. Bxd4 Bc6 13. Nd5 Bxd5 14.
exd5 Rfe8 15. c4 Nd7 16. Bxg7 Kxg7 17. Ba4 Qc7 18. a3 a6 19. b4 Kg8 20. Qd4 Rab8 21.
c5 dxc5 22. bxc5 Qxc5 23. Qxc5 Nxc5 24. Bxe8 Rxe8 25. d6 e6 26. Rac1 b6 27. Rb1 Rb8 28. Rec1 Nd7 29. Rc7 Rd8 30. Rbc1 Kf8 31. Rc8 Ke8 32.
R1c7 b5 33. Kf1 a5 34. Ke2 b4 35. axb4 axb4 36. Kd2 e5 37. Kc2 f5 38. Kb3 Rxc8 39. Rxc8+ Kf7 40. Kxb4 Ke6 41. Rh8 Kxd6 42. Rxh7 Ke6 43.
Kb5 Nf8 44. Ra7 e4 45. Kc5 Nd7+ 46. Kd4 Nf6 47. Ra6+ Kf7 48. Ke5 Nd7+ 49. Kf4 Nc5 50. Rd6 Ne6+ 51. Ke5 Nf8 52. g4 fxg4 53. hxg4 Ke7 54.
Ra6 Nd7+ 55. Kxe4 Nc5+ 56. Kf4 Nxa6 57. Kg5 Kf7 58. f4 Nc5 59. f5 Ne4+ 60. Kf4 gxf5 61. Kxf5 Nd6+ 62. Ke5 Nc4+ 63. Kf4 Kg6 64. g5 Nb6 65. Ke4 Na4 66. Kd4 Nb6 67. Kc5 Nd7+ 68.
Kd6 Nf8 69. Ke7 Nh7 70. Kd8 Nf8 71. Ke7 Nh7 72. Kd6 Kf5 73. g6 Kxg6 1/2-1/2

[Event "*** SCC Grand Prix: Titled Tuesday Blitz"]
[Site "Chess.com"]
[Date "2020.09.08"]
[Round "9"]
[White "maxip32"]
[Black "DrMamaliga"]
[Result "0-1"]
[WhiteElo "2369"]
[BlackElo "2224"]
[TimeControl "180+1"]
[EndTime "11:47:55 PDT"]
[Termination "DrMamaliga won on time"]

1. e4 e5 2. Nf3 Nc6 3. Bc4 Nf6 4. d3 h6 5. O-O d6 6. c3 g6 7. Re1 Bg7 8. d4 Qe7 9. Nbd2 O-O 10. Nf1 Rd8 11. d5 Nb8 12. Ng3 Nbd7 13. b4 Nb6 14.
Bd3 Nh7 15. a4 a5 16. Be3 Bd7 17. b5 Nc8 18. Qd2 b6 19. Bxh6 Bh8 20. h4 Bg4 21.
Ng5 Nxg5 22. Bxg5 f6 23. Bh6 Qh7 24. f3 Bd7 25. Kf2 Ne7 26. Rh1 f5 27. exf5 gxf5 28. Bg5 Rf8 29. Kg1 Bf6 30. Bxf6 Rxf6 31. h5 Kf7 32.
Nf1 Rg8 33. f4 e4 34. Be2 Ke8 35. Ne3 Kd8 36. Qd4 Rh6 37. Kf2 Be8 38. Rh3 Rh8 39. Rah1 Qg8 40. g4 fxg4 41. Nxg4 e3+ 42. Ke1 Rxh5 43.
Rxh5 Rxh5 44. Rxh5 Bxh5 45. Nxe3 Qg1+ 46. Nf1 Qxd4 47.
cxd4 Bxe2 48. Kxe2 Nxd5 49. f5 Nc3+ 50. Kd3 Nxa4 51.
Kc2 c6 52. bxc6 b5 53. Ne3 Nb6 54. d5 Ke7 55. Kb3 Kf6 56. Kc3 Ke5 57. c7 Kf6 58. Kd4 Ke7 59. Ng4 Kf7 60. f6 a4 61. Kc3 Nxd5+ 0-1